Map: Nightshade LE

Players

Sonofwar

  • Race: Zerg Zerg
  • League: Diamond
  • Spawn Location: 11:00

ViBE - Winner!

  • Race: Terran Terran
  • League: Master
  • Spawn Location: 5:00

VOD

Have the link to the VOD?

Description

Time

  • Played on: Dec. 26, 2019, 7:08 p.m.
  • Length: 12:34
Show
View Real Time Build Order
Export as new Build Order

Sonofwar Zerg 

Build Orders: Hatch First 

Get SALT Encoding   

  12  0:01  Drone  
  13  0:14  Overlord  
  13  0:23  Drone  
  14  0:33  Drone  
  14  0:34  Drone  
  16  0:42  Drone  
  17  0:56  Hatchery  
  16  1:04  Drone  
  16  1:05  Extractor  
  16  1:13  Spawning Pool  
  16  1:16  Drone  
  16  1:19  Drone  
  17  1:29  Drone  
  18  1:42  Drone  
  18  1:43  Overlord  
  19  2:03  Queen  
  19  2:06  Zergling x4  
  23  2:09  Queen  
  23  2:11  Metabolic Boost  
  25  2:16  Drone  
  26  2:29  Zergling x2  
  28  2:30  Zergling x4  
  28  2:31  Drone  
  30  2:46  Overlord  
  30  2:59  Hatchery  
  30  3:04  Drone x2  
  30  3:05  Drone x2  
  33  3:19  Queen  
  35  3:21  Drone x2  
  35  3:22  Drone  
  38  3:37  Drone  
  38  3:38  Drone x5  
  43  3:47  Overlord  
  43  4:07  Baneling Nest  
  42  4:13  Drone  
  42  4:14  Overlord  
  43  4:19  Drone x2  
  43  4:20  Drone x3  
  43  4:21  Queen  
  43  4:23  Lair  
  50  4:26  Extractor  
  50  4:28  Extractor  
  50  4:30  Zergling x2  
  50  4:31  Zergling x12  
  55  4:33  Queen  
  56  4:57  Drone  
  56  4:58  Drone x10  
  66  5:21  Extractor  
  66  5:22  Extractor  
  66  5:26  Baneling x2  
  66  5:27  Baneling x2  
  66  5:28  Drone x2  
  65  5:30  Overlord  
  65  5:31  Overlord x2  
  66  5:37  Overseer  
  66  5:38  Hatchery  
  65  5:46  Hydralisk Den, Drone, Evolution Chamber  
  65  5:47  Evolution Chamber  
  65  5:48  Drone x3  
  65  5:49  Drone x3  
  69  5:50  Drone x2  
  69  5:51  Drone x2  
  73  6:06  Centrifical Hooks  
  74  6:11  Zergling x2  
  74  6:12  Zergling x16  
  82  6:21  Zerg Ground Armor Level 1, Zerg Melee Weapons Level 1  
  82  6:27  Baneling  
  82  6:28  Overlord x2  
  82  6:34  Baneling  
  82  6:35  Baneling x2  
  82  6:46  Zergling x16  
  90  6:48  Overlord x2  
  90  6:54  Drone x2  
  89  7:15  Zergling x22  
  86  7:26  Baneling x5  
  82  7:30  Zergling x4  
  82  7:31  Zergling x2  
  82  7:35  Hydralisk x3  
  91  7:38  Grooved Spines  
  91  7:39  Hydralisk  
  91  7:40  Zergling x4  
  91  7:41  Queen  
  97  7:50  Baneling x4  
  97  7:51  Zergling x4, Hydralisk x3  
  97  7:52  Zergling x4  
  97  7:58  Roach Warren  
  96  8:11  Zergling x6, Hydralisk x2  
  96  8:12  Drone  
  94  8:13  Drone  
  94  8:16  Hydralisk x2  
  94  8:17  Zergling x8, Hydralisk  
  102  8:25  Zergling x2, Hydralisk  
  102  8:26  Zergling x2  
  98  8:36  Queen  
  98  8:39  Zerg Melee Weapons Level 2  
  98  8:42  Baneling x5  
  98  8:45  Overlord  
  98  8:46  Overlord x5  
  93  9:00  Baneling  
  93  9:01  Baneling x4  
  93  9:03  Glial Reconstitution  
  93  9:04  Muscular Augments  
  93  9:17  Extractor  
  93  9:21  Roach x7  
  93  9:22  Roach x4  
  93  9:23  Overlord  
  93  9:24  Overlord x3  
  114  9:28  Overseer  
  116  9:36  Hydralisk x3  
  116  9:37  Zergling x4, Roach  
  125  9:42  Roach x3  
  129  9:49  Hatchery  
  129  9:52  Roach x5  
  138  9:56  Queen  
  138  10:26  Queen  
  127  11:08  Roach, Hydralisk x3  
  127  11:09  Roach  
  127  11:10  Overlord x3  
  127  11:11  Overlord x2  
  129  11:31  Hydralisk x2  
  129  11:32  Zergling x8, Roach x4, Hydralisk  
  83  11:52  Roach x4  
  83  11:53  Roach x2  
  99  11:58  Extractor x2  
  99  11:59  Drone x6  
  103  12:08  Baneling x8  
  84  12:22  Hatchery  
Show
View Real Time Build Order
Export as new Build Order

ViBE Terran - Winner!

Build Orders: 2 Factory, Reaper Expand 

Get SALT Encoding   

  12  0:00  SCV  
  13  0:13  SCV  
  14  0:17  Supply Depot  
  14  0:25  SCV  
  15  0:39  SCV  
  15  0:42  Barracks  
  16  0:47  Refinery  
  16  0:51  SCV  
  17  1:03  SCV  
  18  1:17  SCV  
  19  1:32  Reaper  
  21  1:33  Orbital Command  
  20  1:44  Command Center  
  20  2:00  SCV  
  21  2:06  Refinery  
  21  2:12  SCV  
  21  2:15  Factory  
  22  2:21  Supply Depot  
  22  2:24  SCV  
  23  2:34  Barracks Reactor  
  23  2:43  SCV  
  23  2:55  SCV  
  23  2:56  SCV  
  25  3:00  Factory  
  25  3:10  SCV  
  25  3:11  Orbital Command  
  26  3:17  Hellion x2  
  30  3:22  SCV  
  30  3:24  Supply Depot  
  31  3:31  Barracks Tech Lab  
  31  3:34  SCV  
  32  3:38  Hellion x2  
  36  3:46  SCV  
  36  3:47  Supply Depot  
  37  3:56  SCV  
  37  3:58  SCV  
  37  4:02  Cyclone  
  44  4:03  Hellion  
  44  4:05  Hellion  
  44  4:08  SCV  
  47  4:10  SCV  
  47  4:12  Supply Depot  
  47  4:16  Infernal Pre-Igniter  
  48  4:20  SCV  
  48  4:22  SCV  
  50  4:33  SCV  
  50  4:34  SCV  
  50  4:36  Supply Depot  
  50  4:38  Command Center  
  52  4:45  SCV  
  53  4:46  SCV, Hellion x2  
  46  5:02  SCV x2, Hellion  
  50  5:07  Factory, Hellion  
  50  5:08  Factory  
  52  5:18  SCV x2  
  54  5:21  Refinery  
  54  5:22  Refinery  
  54  5:24  Cyclone  
  57  5:29  Hellion x2  
  57  5:35  Mag-Field Accelerator  
  61  5:38  SCV x2  
  63  5:43  Supply Depot  
  63  5:45  Supply Depot  
  63  5:51  Orbital Command  
  63  5:52  Factory Tech Lab x2  
  63  5:54  SCV  
  63  5:55  SCV  
  65  5:58  Cyclone  
  65  5:59  Hellion  
  70  6:05  Hellion  
  72  6:12  Cyclone  
  72  6:13  Cyclone  
  72  6:17  Orbital Command  
  78  6:25  SCV x2  
  80  6:30  Cyclone  
  83  6:34  Hellion x2  
  83  6:37  SCV x2  
  89  6:44  Cyclone  
  89  6:46  SCV  
  93  6:49  SCV  
  93  6:51  Armory x2  
  94  7:14  Cyclone x2  
  94  7:15  Hellion x2  
  97  7:16  Cyclone  
  100  7:30  SCV x3  
  100  7:35  Supply Depot x2  
  100  7:36  Supply Depot, Hellion  
  100  7:37  Supply Depot, Hellion  
  107  7:40  Terran Vehicle And Ship Armor Level 1, Terran Vehicle Weapons Level 1  
  107  7:42  SCV  
  107  7:43  SCV  
  109  7:46  Factory  
  109  7:47  Refinery  
  109  7:48  Command Center  
  109  7:56  Cyclone x2  
  110  8:07  Cyclone  
  110  8:08  Hellion x2  
  110  8:09  SCV  
  112  8:28  Cyclone x2  
  112  8:29  Hellion  
  112  8:30  Hellion  
  120  8:39  Cyclone  
  123  8:48  Factory Tech Lab  
  119  8:51  Hellion x2  
  119  8:55  SCV x2  
  119  8:56  SCV  
  119  8:58  Refinery  
  119  9:00  Cyclone x2  
  127  9:05  Command Center  
  127  9:07  SCV x2, Engineering Bay  
  127  9:08  SCV  
  130  9:11  Supply Depot, Cyclone  
  130  9:12  Supply Depot x2  
  130  9:16  Factory  
  133  9:17  Factory x2  
  133  9:19  Siege Tank  
  136  9:26  Hellion x2  
  136  9:27  SCV x3  
  136  9:29  SCV  
  144  9:33  Siege Tank  
  145  9:39  SCV  
  146  9:50  Siege Tank x2  
  156  10:00  Hellion x2  
  156  10:01  Factory Reactor x2  
  156  10:05  Terran Vehicle Weapons Level 2  
  156  10:08  Factory Tech Lab  
  156  10:09  Terran Vehicle And Ship Armor Level 2  
  156  10:29  Siege Tank x2  
  156  10:32  Hellbat x3  
  156  10:33  Hellbat x2  
  156  10:34  SCV x3  
  176  10:36  Planetary Fortress  
  176  10:37  Refinery  
  176  10:38  Refinery  
  175  10:44  Command Center  
  175  10:49  SCV x3  
  178  11:12  Sensor Tower  
  178  11:18  Sensor Tower  
  153  11:31  Thor x3  
  153  11:32  Thor  
  166  11:36  Thor  
  166  11:37  Hellbat  
  166  11:38  Hellbat x5  
  177  11:57  Sensor Tower  
Tags
 
Add a new tag
Caveats
  • Supply blocks, unpowered buildings, or Contaminate may cause inaccurate times.
  • Supply counts are checked every 10 seconds.